 Dungeon Crawl Stone Soup version 0.17-a0-2073-gde5cdba (webtiles) character file.

142 radek the Conjurer (level 5, 0/28 HPs)
             Began as a Deep Elf Conjurer on Oct 15, 2015.
             Slain by an orc
             ... wielding a +1 trident of piercing
              (4 damage)
             ... on level 3 of the Dungeon.
             The game lasted 00:11:01 (3259 turns).

radek the Conjurer (Deep Elf Conjurer)              Turns: 3259, Time: 00:11:01

Health: 0/28       AC:  2    Str:  6    XL:     5   Next: 4%
Magic:  2/11       EV: 13    Int: 20    God:
Gold:   171        SH:  0    Dex: 15    Spells: 1 memorised, 9 levels left

rFire  . . .     SeeInvis .     e - +0 rod of the swarm (12/12)
rCold  . . .     Clarity  .     a - +0 robe
rNeg   . . .     SustAt   .     (no shield)
rPois  .         Gourm    .     (no helmet)
rElec  .         Spirit   .     (no cloak)
rCorr  .         Warding  .     (no gloves)
rMut   .         Stasis   .     (no boots)
MR     .....                    (no amulet)
Stlth  ++........               (no ring)
                                (no ring)

@: lethally poisoned (0 -> -5), not resistant to hostile enchantments,
unstealthy
A: no striking features
a: no special abilities


You were on level 3 of the Dungeon.
You were not hungry.

You visited 1 branch of the dungeon, and saw 3 of its levels.

You collected 171 gold pieces.

Inventory:

Armour
 a - a +0 robe (worn)
Rods
 e - a +0 rod of the swarm (12/12) (weapon)
   (You found it on level 1 of the Dungeon)
Scrolls
 d - a scroll of amnesia {unknown}
 f - 2 scrolls of magic mapping {unknown}
 h - 3 scrolls of identify {unknown}
 j - a scroll of noise {unknown}
 k - a scroll of teleportation {unknown}
 l - a scroll of immolation {unknown}
Potions
 g - 3 potions of curing {unknown}
 m - 2 potions of agility {unknown}
 o - a potion of poison {unknown}
Books
 b - a book of Conjurations

   Spells                             Type                      Level
   a - Magic Dart                     Conjuration                  1
   b - Searing Ray                    Conjuration                  2
   c - Dazzling Spray                 Conjuration/Hexes            3
   d - Fulminant Prism                Conjuration/Hexes            4
   e - Iskenderun's Mystic Blast      Conjuration                  4
   f - Iskenderun's Battlesphere      Conjuration/Charms           5
 n - a book of Necromancy

   Spells                             Type                      Level
   a - Pain                           Necromancy                   1
   b - Animate Skeleton               Necromancy                   1
   c - Vampiric Draining              Necromancy                   3
   d - Regeneration                   Charms/Necromancy            3
   e - Animate Dead                   Necromancy                   4
   f - Control Undead                 Necromancy                   4
Comestibles
 c - 4 bread rations
 i - 2 chunks of flesh


   Skills:
 - Level 2.4 Dodging
 - Level 2.4 Stealth
 - Level 3.0 Spellcasting
 * Level 7.0 Conjurations
 - Level 0.2 Evocations


You had 9 spell levels left.
You knew the following spells:

 Your Spells              Type           Power        Failure   Level  Hunger
a - Magic Dart            Conj           ####         1%          1    None


Dungeon Overview and Level Annotations

Branches:
Dungeon (3/15)

Altars:


Message History

Confirm with . or Enter, or press ? or * to list all spells.
Aiming: Magic Dart
Press: ? - help, Shift-Dir - straight line, f/p - adder
Aim: an adder (severely wounded)
The magic dart hits the adder.
The adder is almost dead.
You feel sick. The adder bites you.
Casting: Magic Dart
Confirm with . or Enter, or press ? or * to list all spells.
Aiming: Magic Dart
Press: ? - help, Shift-Dir - straight line, f/p - adder
Aim: an adder (almost dead)
The magic dart hits the adder.
You kill the adder!
Your Conjurations skill increases to level 7!
You have reached level 5!
You feel sick.
The orc hits you from afar with a trident of piercing!
* * * LOW HITPOINT WARNING * * *
You die...

#.##.# ##...## ###.####### #
..##.###.....## #.........# #
.###.##.......## #.#.#####.# #
..##.#.........###....####.######
.....'.........'.................
..####.........###.....###.######
.## ##.......## #..... #.##....
.# ##.....#####.#.#.# #.##.###
>########...####@#.## #.##.#.#
.........#'####.#†...... ..##....
..######.#.###.###o###.# ####.#.#
......##.#.##.## #.# #....
#.###.##.#.#.## #.. ##...
#.###.##....#.# ### ##....
#............#.# #.....
#####.###...###.# ##....
#......<.....# ##...


You could see an orc.

Vanquished Creatures
  An orc wizard (D:3)
  4 adders
  4 worms
  2 giant geckos (D:2)
  2 orcs (D:3)
  5 giant cockroaches
  9 hobgoblins
  6 jackals (D:3)
  3 kobolds
  A quokka (D:3)
  11 bats
  10 goblins
  8 rats
66 creatures vanquished.

Vanquished Creatures (collateral kills)
  An orc (D:3)
  A goblin (D:1)
  A kobold (D:1)
3 creatures vanquished.

Grand Total: 69 creatures vanquished

Notes
Turn   | Place    | Note
--------------------------------------------------------------
     0 | D:1      | radek the Deep Elf Conjurer began the quest for the Orb.
     0 | D:1      | Reached XP level 1. HP: 10/10 MP: 6/6
   256 | D:1      | Reached XP level 2. HP: 9/15 MP: 0/8
   389 | D:1      | Reached skill level 5 in Conjurations
   493 | D:1      | Identified a +0 rod of the swarm (12/12) (You found it on level 1 of the Dungeon)
  1075 | D:1      | Reached XP level 3. HP: 19/19 MP: 6/9
  1725 | D:2      | Reached skill level 6 in Conjurations
  2130 | D:3      | Reached XP level 4. HP: 17/24 MP: 5/10
  3259 | D:3      | Reached skill level 7 in Conjurations
  3259 | D:3      | Reached XP level 5. HP: 16/28 MP: 2/11
  3259 | D:3      | Slain by an orc

Vault maps used:
D:1:      ncdulo_lavacross, kennysheep_small_spiral, st_stairs_4
D:2:      first_bread

Action                   |  1- 3 |  4- 6 || total
-------------------------+-------+-------++-------
 Cast: Magic Dart        |    84 |    50 ||   134
Evoke: Rod               |     1 |     1 ||     2
  Eat: Chunk             |     3 |       ||     3
       Beef jerky        |     1 |       ||     1
       Meat ration       |       |     1 ||     1
